 Dungeon Crawl Stone Soup version 0.30-a0-1066-g63dfefce0d (webtiles) character file.

Game seed: 7034111338879134735

3389 NateTC the Blocker (level 10, -10/81 HPs)
             Began as a Gnoll Fighter on Apr 13, 2023.
             Was a Follower of Okawaru.
             Killed from afar by Maggie (16 damage)
             ... with a bolt of fire
             ... on level 6 of the Dungeon.
             The game lasted 00:16:08 (7475 turns).

NateTC the Blocker (Gnoll Fighter)                  Turns: 7475, Time: 00:16:09

Health: -10/81     AC: 17    Str: 20    XL:     10   Next: 4%
Magic:  17/17      EV:  7    Int:  8    God:    Okawaru [*.....]
Gold:   306        SH: 11    Dex: 11    Spells: 19/19 levels left

rFire   . . .      SeeInvis .    a - +2 long sword (heavy)
rCold   . . .      Faith    .    c - +0 buckler
rNeg    . . .      Spirit   .    u - +0 plate armour
rPois   .          Reflect  +    l - +0 helmet
rElec   .          Rampage  .    b - +0 cloak
rCorr   .                        (no gloves)
Will    .....                    e - +0 pair of boots Stlth
                                 C - amulet of reflection
HPRegen 0.33/turn                p - ring of flight
MPRegen 0.15/turn                (no ring)

@: flying, mesmerised
A: fangs 1, strong nose, distributed training
a: Renounce Religion, Heroism


You were on level 6 of the Dungeon.
You worshipped Okawaru.
Okawaru was aware of your devotion.
You visited 2 branches of the dungeon, and saw 9 of its levels.
You also visited: Sewer.

You collected 512 gold pieces.
You spent 206 gold pieces at shops.

Inventory:

Hand Weapons
 a - a +2 heavy long sword (weapon)
Armour
 b - a +0 cloak (worn)
 c - a +0 buckler (worn)
 e - a +0 pair of boots (worn)
 l - a +0 helmet (worn)
 u - a +0 plate armour (worn)
Jewellery
 i - a +6 ring of dexterity
 n - an amulet of the acrobat
 p - a ring of flight (left hand)
 C - an amulet of reflection (around neck)
Wands
 A - a wand of flame (16)
Scrolls
 q - 4 scrolls of enchant weapon
 s - 2 scrolls of brand weapon
 t - a scroll of teleportation
 y - 2 scrolls of poison
 B - a scroll of immolation
Potions
 d - 2 potions of might
 f - a potion of mutation
 g - 2 potions of invisibility
 h - 2 potions of lignification
 j - 2 potions of brilliance
 m - a potion of berserk rage
 o - 3 potions of flight
 r - 3 potions of attraction
 w - a potion of cancellation {unknown}
 x - a potion of heal wounds {unknown}
 z - a potion of haste


   Skills:
 + Level 8.3 Fighting
 + Level 5.0 Short Blades
 + Level 6.9 Long Blades
 + Level 5.0 Axes
 + Level 5.0 Maces & Flails
 + Level 5.0 Polearms
 + Level 5.0 Staves
 + Level 5.0 Ranged Weapons
 + Level 5.0 Throwing
 + Level 8.3 Armour
 + Level 5.0 Dodging
 + Level 5.0 Stealth
 + Level 8.3 Shields
 + Level 5.0 Unarmed Combat
 + Level 5.0 Spellcasting
 + Level 4.1 Conjurations
 + Level 4.1 Hexes
 + Level 4.1 Summonings
 + Level 4.1 Necromancy
 + Level 4.1 Translocations
 + Level 4.1 Transmutations
 + Level 4.1 Fire Magic
 + Level 4.1 Ice Magic
 + Level 4.1 Air Magic
 + Level 4.1 Earth Magic
 + Level 4.1 Poison Magic
 + Level 5.5 Invocations
 + Level 5.0 Evocations


You had 19 spell levels left.
You didn't know any spells.
Your spell library contained the following spells:

 Spells                   Type           Power      Damage    Failure   Level
 Magic Dart               Conj           32%        1d4       75%         1
 Shock                    Conj/Air       32%        1d5       75%         1
 Slow                     Hex            32%        N/A       75%         1
 Sublimation of Blood     Necr           8%         N/A       86%         2
 Wereblood                Tmut           8%         N/A       86%         2
 Confusing Touch          Hex            8%         N/A       98%         3
 Gell's Gravitas          Tloc           8%         N/A       98%         3
 Mephitic Cloud           Conj/Pois/Air  8%         N/A       98%         3
 Stone Arrow              Conj/Erth      16%        3d8       98%         3
 Swiftness                Air            8%         N/A       98%         3
 Teleport Other           Tloc           8%         N/A       98%         3
 Vampiric Draining        Necr           8%         2d6       98%         3
 Airstrike                Air            4%         2d(1-17)  100%        4
 Dispersal                Tloc           4%         N/A       100%        6
 Lehudib's Crystal Spear  Conj/Erth      4%         10d3      100%        8
 Call Imp                 Summ           Unusable   N/A       N/A         2
 Animate Armour           Summ/Erth      Unusable   N/A       N/A         4
 Summon Hydra             Summ           Unusable   N/A       N/A         7

Dungeon Overview and Level Annotations

Branches:
Dungeon (8/15) Zot: 25197  Temple (1/1) D:5 Zot: 5972   Sewer (visited)
   Lair: D:8-11

Altars:
Ashenzari
Elyvilon
Fedhas
Gozag
Kikubaaqudgha
Makhleb
Nemelex Xobeh
Okawaru
Qazlal
Ru
Sif Muna
Uskayaw
Vehumet
Wu Jian
Xom
Yredelemnul
The Shining One

Shops:
D:4 (?*[(   D:5 *=

Annotations:
D:6 Maggie


Innate Abilities, Weirdness & Mutations

You have very sharp teeth.
Your uncanny sense of smell can sniff out nearby items.
Your experience applies equally to all skills.


Message History

You hit Maggie. You bite Maggie, but do no damage.
Maggie is heavily wounded.
Maggie hits you with a +0 scimitar! Maggie hits you but does no damage.
You slash Maggie!
Maggie is severely wounded.
Maggie casts a spell.
Maggie attempts to bespell you!
You are mesmerised by Maggie!
You completely miss Maggie. You bite Maggie, but do no damage.
Maggie is severely wounded.
Maggie barely misses you. Maggie casts a spell at you.
The bolt of fire hits you!
You barely miss Maggie.
Maggie is severely wounded.
Maggie casts a spell.
Maggie draws you further into her thrall.
You closely miss Maggie. Your bite misses Maggie.
Maggie is severely wounded.
Maggie hits you with a +0 scimitar! Maggie casts a spell at you.
The bolt of fire hits you.
You hit Maggie but do no damage. Your bite misses Maggie.
Maggie is severely wounded.
Maggie mutters to herself, "Master Lance won't take me back.
This is the way forward."
Maggie gestures at you while chanting. The bolt of fire hits you!!
* * * LOW HITPOINT WARNING * * *
You hit Maggie but do no damage.
Maggie is severely wounded.
Maggie barely misses you. Maggie gestures at you while chanting.
The bolt of fire hits you.
* * * LOW HITPOINT WARNING * * *
You slash Maggie! You bite Maggie, but do no damage.
Maggie is almost dead.
You block Maggie's attack. Maggie gestures at you while chanting.
The bolt of fire hits you!
You die...

##..#####..##..# #..
.................. ###
.......#####.y.##.. ....
....... ##... . .....
....... #.## #.....
####### #####.#####....#
.# ##.....†......(#
.########...######.#####
............#...@@.#
.########.....###### ##
#...### #...# #...#
#...# #...# #####


You could see Maggie (mesmerising).

Vanquished Creatures
  Pikel (D:4)
  A slime creature (D:8)
  Sigmund (D:6)
  A water moccasin (D:6)
  Pargi (Sewer)
  2 orc warriors
  An ice beast (D:6)
  A black bear (D:8)
  2 ogres
  3 centaurs
  A lemure (D:4)
  2 phantoms
  A gnoll sergeant (D:5)
  A scorpion (D:4)
  A wight (D:8)
  10 killer bees
  3 jellies
  A howler monkey (D:8)
  6 hounds
  5 orc priests
  A gnoll bouda (D:6)
  A sleepcap (D:3)
  2 orc wizards
  19 gnolls
  2 adders
  2 shadow imps
  A white imp (D:5)
  A worm (D:3)
  3 dart slugs
  26 orcs
  10 ball pythons
  12 bats
  9 endoplasms
  5 giant cockroaches
  8 goblins
  9 hobgoblins
  6 jackals
  2 quokkas
  3 frilled lizards
  7 kobolds
  3 rats
177 creatures vanquished.

Notes
Turn   | Place    | Note
-------+----------+-------------------------------------------
     0 | D:1      | NateTC the Gnoll Fighter began the quest for the Orb.
     0 | D:1      | Reached XP level 1. HP: 23/23 MP: 1/1
    82 | D:1      | Reached XP level 2. HP: 24/29 MP: 2/2
   296 | D:1      | Reached XP level 3. HP: 34/35 MP: 3/3
   852 | D:2      | Reached skill level 1 in Invocations
  1127 | D:2      | Reached skill level 1 in Short Blades
  1127 | D:2      | Reached skill level 1 in Axes
  1127 | D:2      | Reached skill level 1 in Maces & Flails
  1127 | D:2      | Reached skill level 1 in Polearms
  1127 | D:2      | Reached skill level 1 in Staves
  1127 | D:2      | Reached skill level 1 in Ranged Weapons
  1127 | D:2      | Reached skill level 1 in Throwing
  1127 | D:2      | Reached skill level 1 in Dodging
  1127 | D:2      | Reached skill level 1 in Stealth
  1127 | D:2      | Reached skill level 1 in Unarmed Combat
  1127 | D:2      | Reached skill level 1 in Spellcasting
  1127 | D:2      | Reached skill level 1 in Evocations
  1388 | D:3      | Found a blossoming altar of Fedhas.
  1451 | D:3      | Reached XP level 4. HP: 27/41 MP: 5/5
  1731 | D:3      | Found a faded altar of an unknown god.
  1948 | D:3      | Found an ornate altar of the Wu Jian Council.
  2075 | D:4      | Found a stormy altar of Qazlal.
  2085 | D:4      | Noticed a scorpion
  2090 | D:4      | Killed a scorpion
  2091 | D:4      | Reached skill level 1 in Conjurations
  2091 | D:4      | Reached skill level 1 in Hexes
  2091 | D:4      | Reached skill level 1 in Summonings
  2091 | D:4      | Reached skill level 1 in Necromancy
  2091 | D:4      | Reached skill level 1 in Translocations
  2091 | D:4      | Reached skill level 1 in Transmutations
  2091 | D:4      | Reached skill level 1 in Fire Magic
  2091 | D:4      | Reached skill level 1 in Ice Magic
  2091 | D:4      | Reached skill level 1 in Air Magic
  2091 | D:4      | Reached skill level 1 in Earth Magic
  2091 | D:4      | Reached skill level 1 in Poison Magic
  2091 | D:4      | Reached XP level 5. HP: 45/47 MP: 5/7
  2149 | D:4      | Found Kaomnaer's Armour Emporium.
  2157 | D:4      | Bought a +0 cloak for 54 gold pieces
  2157 | D:4      | Bought a +0 pair of boots for 54 gold pieces
  2228 | D:4      | Found Qiacs's Antique Weapon Shoppe.
  2271 | D:4      | Found Jisas's Magic Scroll Boutique.
  2291 | D:4      | Noticed a phantom
  2297 | D:4      | Killed a phantom
  2298 | D:4      | Reached XP level 6. HP: 42/53 MP: 8/8
  2310 | D:4      | Reached skill level 5 in Long Blades
  2486 | D:4      | Noticed Pikel
  2486 | D:4      | Noticed an orc warrior
  2858 | D:4      | Found Coofefa's General Store.
  2867 | D:4      | Bought a scroll of teleportation for 42 gold pieces
  2867 | D:4      | Bought a potion of might for 56 gold pieces
  3039 | D:4      | Killed Pikel
  3040 | D:4      | Reached XP level 7. HP: 34/60 MP: 9/11
  3040 | D:4      | Reached XP level 8. HP: 38/67 MP: 9/12
  3134 | D:4      | Found Muunav's Weapon Shop.
  3253 | D:4      | Found a burning altar of Makhleb.
  3255 | D:4      | Noticed a blizzard demon
  3259 | D:4      | Noticed a hellwing
  3514 | D:5      | Entered Level 5 of the Dungeon
  3522 | D:5      | Found a radiant altar of Vehumet.
  3546 | D:5      | Found a staircase to the Ecumenical Temple.
  3559 | Temple   | Entered the Ecumenical Temple
  3559 | Temple   | Found a transporter.
  3559 | Temple   | Found a transporter.
  3561 | Temple   | Found a transporter.
  3561 | Temple   | Found a transporter.
  3596 | D:5      | Found Joydwot's Jewellery Emporium.
  3716 | D:5      | Found Viba's Assorted Antiques.
  3758 | D:5      | Found an iron altar of Okawaru.
  3788 | D:5      | Became a worshipper of Warmaster Okawaru
  4043 | D:5      | Found a glowing drain.
  4059 | Sewer    | Entered a sewer
  4087 | Sewer    | Noticed Pargi
  4103 | Sewer    | Killed Pargi
  4340 | D:5      | You are sucked into a shaft and drop 3 floors!
  4396 | D:8      | Noticed a slime creature
  4406 | D:8      | Killed a slime creature
  4406 | D:8      | Reached * piety under Okawaru
  4407 | D:8      | Reached XP level 9. HP: 55/74 MP: 13/15
  5498 | D:8      | Reached skill level 5 in Invocations
  6019 | D:6      | Noticed Sigmund
  6621 | D:6      | Killed Sigmund
  6621 | D:6      | Reached ** piety under Okawaru
  7039 | D:6      | Reached skill level 5 in Short Blades
  7039 | D:6      | Reached skill level 5 in Axes
  7039 | D:6      | Reached skill level 5 in Maces & Flails
  7039 | D:6      | Reached skill level 5 in Polearms
  7039 | D:6      | Reached skill level 5 in Staves
  7039 | D:6      | Reached skill level 5 in Ranged Weapons
  7039 | D:6      | Reached skill level 5 in Throwing
  7039 | D:6      | Reached skill level 5 in Dodging
  7039 | D:6      | Reached skill level 5 in Stealth
  7039 | D:6      | Reached skill level 5 in Unarmed Combat
  7039 | D:6      | Reached skill level 5 in Spellcasting
  7039 | D:6      | Reached skill level 5 in Evocations
  7126 | D:6      | Reached XP level 10. HP: 8/81 MP: 14/17
  7450 | D:6      | Noticed Maggie
  7475 | D:6      | Killed from afar by Maggie

Illustrated notes

Levels and vault maps discovered:
D:1:      dpeg_arrival_tiny_i, layout_loops_ring
D:2:      layout_rooms, kennysheep_nub, reono_crystal_passage
D:3:      layout_loops_cross, nicolae_overflow_hidden_temple, lemuel_tele_altar,
          hellmonk_ecumenical_altar_zigzags
D:4:      minmay_chambers_of_threes, layout_cave_pools, old_standard_altar,
          makhleb_altar_promises_db, serial_shops, shop, kennysheep_mini_moat,
          shop, nicolae_stop_n_shop_2, nicolae_shop_stone,
          hangedman_decor_opposing, guppyfry_early_orc_mine, uniq_pikel
D:5:      layout_loops_ring, okawaru_altar_gauntlet_db,
          nicolae_vehumet_altar_sigil, minmay_temple_entry_proselytizer,
          serial_shops, shop, shop, portal_sewer_entry_a
D:6:      layout_rooms, uniq_sigmund, uniq_maggie
D:7:      layout_rooms
D:8:      layout_loops_cross, grunt_decor_resistance, minmay_microvault
Temple:   hellmonk_temple_divided_pantheon

Skill      XL: |  1  2  3  4  5  6  7  8  9 |
---------------+----------------------------+-----
Invocations    | 1 2 3 4 5 |  5.5
Short Blades   | 1 3 4 5 |  5.0
Axes           | 1 3 4 5 |  5.0
Maces & Flails | 1 3 4 5 |  5.0
Polearms       | 1 3 4 5 |  5.0
Staves         | 1 3 4 5 |  5.0
Ranged Weapons | 1 3 4 5 |  5.0
Throwing       | 1 3 4 5 |  5.0
Dodging        | 1 3 4 5 |  5.0
Stealth        | 1 3 4 5 |  5.0
Unarmed Combat | 1 3 4 5 |  5.0
Spellcasting   | 1 3 4 5 |  5.0
Evocations     | 1 3 4 5 |  5.0
Conjurations   | 1 2 3 4 |  4.1
Hexes          | 1 2 3 4 |  4.1
Summonings     | 1 2 3 4 |  4.1
Necromancy     | 1 2 3 4 |  4.1
Translocations | 1 2 3 4 |  4.1
Transmutations | 1 2 3 4 |  4.1
Fire Magic     | 1 2 3 4 |  4.1
Ice Magic      | 1 2 3 4 |  4.1
Air Magic      | 1 2 3 4 |  4.1
Earth Magic    | 1 2 3 4 |  4.1
Poison Magic   | 1 2 3 4 |  4.1
Long Blades    | 5 6 |  6.9
Fighting       | 7 8 |  8.3
Armour         | 7 8 |  8.3
Shields        | 7 8 |  8.3

Action                     |  1- 3 |  4- 6 |  7- 9 | 10-12 || total
---------------------------+-------+-------+-------+-------++-------
  Melee: Long sword        |    83 |   123 |   343 |    21 ||   570
         Bite              |     4 |    10 |    30 |     5 ||    49
 Invoke: Heroism           |       |       |     2 |       ||     2
    Use: Scroll            |     7 |     4 |     9 |       ||    20
         Potion            |       |     1 |     5 |       ||     6
 Armour: Scale mail        |     7 |       |       |       ||     7
         Chain mail        |    33 |   140 |     5 |       ||   178
         Plate armour      |       |       |   359 |     4 ||   363
  Dodge: Dodged            |    33 |   107 |   238 |     5 ||   383
  Block: Buckler           |    21 |    75 |   205 |    14 ||   315

Table legend: (Time is in decaauts)
 A = Elapsed time spent in this place.
 B = Non-inter-level travel time spent in this place.
 C = Inter-level travel time spent in this place.
 D = Time resting spent in this place.
 E = Time spent auto-exploring this place.
 F = Levels seen in this place.
 G = Mean time per level.
                   A        B        C        D        E       F      G
               +--------+--------+--------+--------+--------+-----+--------+
         Total |   7814 |   7701 |    113 |   1819 |   3670 |  10 |  781.4 |
       Dungeon |   7669 |   7562 |    107 |   1819 |   3650 |   8 |  958.6 |
        Temple |     27 |     21 |      6 |      0 |      0 |   1 |   27.0 |
         Sewer |    117 |    117 |      0 |      0 |     20 |   1 |  117.0 |
               +--------+--------+--------+--------+--------+-----+--------+

Top non-repeatable levels by time:
     D:5: 1532 daAuts
     D:8: 1377 daAuts
     D:3: 1179 daAuts
     D:4: 1093 daAuts
     D:6: 1023 daAuts
     D:1: 837 daAuts
     D:2: 513 daAuts
   Sewer: 117 daAuts
     D:7: 112 daAuts
  Temple: 27 daAuts
